 Dungeon Sprint DCSS version 0.16.2-12-gd0ad4c3 (webtiles) character file.

0 musteatbrain the Vexing (level 1, 0/13 HPs)
             Began as a Demonspawn Enchanter on Oct 16, 2015.
             Was a Follower of Jiyva.
             Slain by a porcupine (5 damage)
             ... in the Dungeon (Sprint VI: "Thunderdome").
             The game lasted 00:02:20 (90 turns).

musteatbrain the Vexing (Demonspawn Enchanter)        Turns: 90, Time: 00:02:20

Health: 0/13       AC:  3    Str: 21    XL:     1   Next: 25%
Magic:  0/0        EV: 13    Int: 13    God:    Jiyva [*.....]
Gold:   20         SH:  0    Dex: 19    Spells: 1 memorised, 3 levels left

rFire  + + .     SeeInvis .     a - +1 dagger
rCold  . . .     Clarity  .     b - +1 robe
rNeg   + . .     SustAb   .     (no shield)
rPois  .         Gourm    .     (no helmet)
rElec  .         Spirit   .     (no cloak)
rCorr  .         Warding  .     (no gloves)
rMut   .         NoTele   +     (no boots)
MR     .....                    p - amulet of Scheorrofu {Faith rF+ Str+3 Int-3 Dex+4}
Stlth  ++........               (no ring)
                                q - ring "Thruyc Feato" {rF+ rN+ MP-9 Str+10 Dex+2}

@: very slightly contaminated, hasted, very quick, not resistant to hostile
enchantments, unstealthy
A: no striking features
a: Request Jelly, Renounce Religion


You were in the Dungeon.
You worshipped Jiyva.
Jiyva was aware of your devotion.
You were not hungry.

You visited 1 branch You collected 200 gold pieces.
You spent 180 gold pieces at shops.

Inventory:

Hand weapons
 a - a +1 dagger (weapon)
Armour
 b - a +1 robe (worn)
Jewellery
 p - the amulet of Scheorrofu (around neck) {Faith rF+ Str+3 Int-3 Dex+4}
   (You bought it in a shop in the Dungeon)

   [amulet of faith]

   It allows you to gain divine favour quickly.
   It affects your strength (+3).
   It affects your intelligence (-3).
   It affects your dexterity (+4).
   It protects you from fire.
 q - the ring "Thruyc Feato" (left hand) {rF+ rN+ MP-9 Str+10 Dex+2}
   (You bought it in a shop in the Dungeon)

   [ring of protection from fire]

   It affects your strength (+10).
   It affects your dexterity (+2).
   It protects you from fire.
   It protects you from negative energy.
   It affects your magic capacity (-9).
 r - the amulet "Vickass" {Stasis Dex+2}
   (You bought it in a shop in the Dungeon)

   [amulet of stasis]

   It prevents you from being teleported, slowed, hasted or paralysed.
   It affects your dexterity (+2).
Magical devices
 l - a wand of cold (5)
 m - a wand of fire (5)
Scrolls
 j - 4 scrolls of blinking
 n - 3 scrolls of fog
Potions
 e - a potion of curing
 f - 4 potions of heal wounds
 g - 3 potions of haste
 h - 2 potions of magic
 i - a potion of berserk rage
 k - a potion of resistance
Books
 c - a book of Maledictions

   Spells                             Type                      Level
   a - Corona                         Hexes                        1
   b - Sure Blade                     Hexes/Charms                 2
   c - Ensorcelled Hibernation        Hexes/Ice                    2
   d - Confuse                        Hexes                        3
   e - Dazzling Spray                 Conjuration/Hexes            3
   f - Enslavement                    Hexes                        4
Comestibles
 d - a bread ration
 o - 2 chunks of flesh


   Skills:
 + Level 1.7 Short Blades
 + Level 2.3 Dodging
 - Level 2.6 Stealth
 - Level 2.0 Spellcasting
 - Level 3.0 Hexes


You had 3 spell levels left.
You knew the following spells:

 Your Spells              Type           Power        Failure   Level  Hunger
a - Corona                Hex            #......      10%         1    ##.....


Dungeon Overview and Level Annotations

Branches:
Dungeon (1/1)

Altars:
Dithmenos
Fedhas
Kikubaaqudgha
Makhleb
Okawaru
Sif Muna
Trog
Vehumet
Xom
Yredelemnul
Zin
Jiyva
Lugonu

Shops:
D *[%???


Message History

The porcupine barely misses you.
You are struck by the porcupine's spines.
You hit the porcupine.
The porcupine is lightly wounded.
The porcupine closely misses you.
You barely miss the porcupine.
The porcupine is lightly wounded.
The porcupine bites you.
You feel yourself speed up. The porcupine closely misses you.
The porcupine misses you.
You are very lightly contaminated with residual magic.
You hit the porcupine.
The porcupine is moderately wounded.
You barely miss the porcupine.
The porcupine is moderately wounded.
The porcupine bites you.
You barely miss the porcupine.
The porcupine is moderately wounded.
The porcupine bites you.
You die...

#_......._ ###.........
#⌠...........
######.8.........8.
##∩.__......###......
###∩........8.# .8...
##.."..........###...
#⌠......r...###...#
#⌠.....@....# #.<.#
#⌠..........###...#
##.............###......
###∩........8.# .8...
##∩___......# .....
######.8...... ..8.
#⌠........ .. ###.......
. #_......


You could see a porcupine.

Vanquished Creatures
  A quokka (D)
  A rat (D)
2 creatures vanquished.

Notes
Turn   | Place    | Note
--------------------------------------------------------------
     0 | D        | musteatbrain, the Demonspawn Enchanter, began the quest for the Orb.
     0 | D        | Reached XP level 1. HP: 13/13 MP: 3/3
     2 | D        | Found an ancient bone altar of Kikubaaqudgha.
     2 | D        | Found a shadowy altar of Dithmenos.
     3 | D        | Found a blossoming altar of Fedhas.
     3 | D        | Found a glowing silver altar of Zin.
     4 | D        | Found a burning altar of Makhleb.
     4 | D        | Found a deep blue altar of Sif Muna.
     5 | D        | Found Yrhuas' Advanced Armour.
     5 | D        | Found Kutuek's Identification Station.
     5 | D        | Found a viscous altar of Jiyva.
     5 | D        | Found a shimmering altar of Xom.
     5 | D        | Round 1.
     7 | D        | Found Skaloph's Jewellery.
     7 | D        | Found Clutep's Bee Food.
    11 | D        | Found an iron altar of Okawaru.
    15 | D        | Reached skill level 1 in Short Blades
    16 | D        | Found a bloodstained altar of Trog.
    22 | D        | Became a worshipper of Jiyva Joipuc the Shapeless
    28 | D        | Bought a brightly glowing platinum amulet for 45 gold pieces
    28 | D        | Bought a heavily runed marble ring for 45 gold pieces
    28 | D        | Bought a coiled zirconium amulet for 45 gold pieces
    28 | D        | Identified the amulet of Ghithrir {rCorr rF+ rC+ Str+4 Int-3 Stlth+} (You bought it in a shop in the Dungeon)
    29 | D        | Identified the ring "Thruyc Feato" {rF+ rN+ MP-9 Str+10 Dex+2} (You bought it in a shop in the Dungeon)
    31 | D        | Identified the amulet "Vickass" {Stasis Dex+2} (You bought it in a shop in the Dungeon)
    35 | D        | Bought a glittering lead amulet for 45 gold pieces
    36 | D        | Identified the amulet of Scheorrofu {Faith rF+ Str+3 Int-3 Dex+4} (You bought it in a shop in the Dungeon)
    54 | D        | Acquired Jiyva's first power
    72 | D        | Found a basalt altar of Yredelemnul.
    73 | D        | Found Udoizxon's Magic Scroll Shop.
    75 | D        | Found Bolaug's Magic Scroll Shop.
    75 | D        | Noticed a porcupine
    76 | D        | Found a corrupted altar of Lugonu.
    77 | D        | Found a radiant altar of Vehumet.
    90 | D        | Slain by a porcupine

Action                   || total
-------------------------++-------
Melee: Dagger            ||    15
  Use: Potion            ||     1
